 Dungeon Crawl Stone Soup version 0.29.1-4-g47bece8355 (webtiles) character file.

Game seed: 12883194058837517417

3387 GigaChad the Cleaver (level 9, 0/79 HPs)
             Began as a Minotaur Fighter on Dec 7, 2022.
             Was an Initiate of Okawaru.
             Slain by a killer bee (6 damage)
             ... on level 8 of the Dungeon.
             The game lasted 00:12:35 (8740 turns).

GigaChad the Cleaver (Minotaur Fighter)             Turns: 8740, Time: 00:12:36

Health: 0/79       AC: 11    Str: 25    XL:     9   Next: 74%
Magic:  8/8        EV:  8    Int:  5    God:    Okawaru [......]
Gold:   444        SH:  6    Dex: 10    Spells: 8/8 levels left

rFire   . . .      SeeInvis .   a - +1 war axe
rCold   . . .      Faith    .   c - +1 buckler
rNeg    . . .      Spirit   .   A - +0 chain mail
rPois   .          Reflect  .   (helmet restricted)
rElec   .          Harm     .   (no cloak)
rCorr   .          Rampage  .   (no gloves)
Will    .....                   (no boots)
Stlth   ..........              (no amulet)
HPRegen 0.23/turn               (no ring)
MPRegen 0.11/turn               (no ring)

@: no status effects
A: horns 2, retaliatory headbutt
a: Renounce Religion


You were on level 8 of the Dungeon.
You worshipped Okawaru.
Okawaru was noncommittal.
You visited 2 branches of the dungeon, and saw 9 of its levels.

You collected 444 gold pieces.

Inventory:

Hand Weapons
 a - a +1 war axe (weapon)
 z - a +0 battleaxe
Missiles
 k - 4 javelins (quivered)
Armour
 b - a +0 scale mail
 c - a +1 buckler (worn)
 A - a +0 chain mail (worn)
 B - a +0 chain mail
 C - +0 steam dragon scales
Jewellery
 q - a ring of poison resistance
 v - a ring of positive energy
 y - a +4 ring of evasion
Scrolls
 e - 9 scrolls of identify
 f - 2 scrolls of enchant armour
 h - a scroll of silence
 l - a scroll of noise
 n - a scroll of amnesia
 o - 3 scrolls of blinking
 p - 4 scrolls of fog
 x - a scroll of magic mapping
Potions
 d - 5 potions of might
 g - a potion of degeneration {unknown}
 i - 3 potions of haste {unknown}
 j - a potion of invisibility {unknown}
 m - a potion of attraction {unknown}
 r - 2 potions of flight {unknown}
 s - a potion of heal wounds {unknown}
 t - 2 potions of resistance {unknown}
 u - a potion of lignification {unknown}
 w - 3 potions of mutation {unknown}


   Skills:
 + Level 7.5 Fighting
 + Level 10.8 Axes
 + Level 9.4 Armour
 - Level 1.3 Dodging
 - Level 0.2 Stealth
 * Level 7.4 Shields


You had 8 spell levels left.
You didn't know any spells.
Your spell library contained the following spells:

 Spells                   Type           Power      Damage    Failure   Level
 Magic Dart               Conj           0%         1d3       98%         1
 Sandblast                Erth           0%         2d4       98%         1
 Passwall                 Tmut/Erth      0%         N/A       99%         2
 Searing Ray              Conj           0%         2d4       99%         2
 Gell's Gravitas          Tloc           0%         N/A       100%        3
 Stone Arrow              Conj/Erth      0%         3d7       100%        3
 Teleport Other           Tloc           0%         N/A       100%        3
 Fulminant Prism          Conj/Hex       0%         3d6       100%        4
 Dispersal                Tloc           0%         N/A       100%        6
 Summon Ice Beast         Ice/Summ       Unusable   N/A       N/A         4
 Summon Mana Viper        Hex/Summ       Unusable   N/A       N/A         5
 Monstrous Menagerie      Summ           Unusable   N/A       N/A         7

Dungeon Overview and Level Annotations

Branches:
Dungeon (8/15)             Temple (1/1) D:7
   Lair: D:8-11

Altars:
Ashenzari
Cheibriados
Fedhas
Gozag
Hepliaklqana
Kikubaaqudgha
Makhleb
Nemelex Xobeh
Okawaru
Trog
Uskayaw
Vehumet
Xom
Zin
The Shining One

Annotations:
D:4 1 runed translucent door, sanboga's ghost, amateur HOMo


Innate Abilities, Weirdness & Mutations

You have a pair of horns on your head.
You reflexively headbutt those who attack you in melee.


Message History

The kobold throws a stone.
You block the stone.
You hit the kobold.
The kobold is severely wounded.
You feel sick. The kobold hits you but does no damage.
You hit the kobold but do no damage.
The kobold is severely wounded.
You feel sick. The kobold closely misses you.
You slash the kobold!
You kill the kobold!
You feel sick.
You are no longer poisoned.
The killer bee stings you.
* * * LOW HITPOINT WARNING * * *
You completely miss the killer bee.
The killer bee stings you but does no damage.
The killer bee completely misses you.
You hit the killer bee but do no damage.
The killer bee stings you but does no damage.
The killer bee closely misses you. You furiously retaliate!
You headbutt the killer bee! You barely miss the killer bee.
The killer bee is almost dead.
You block the killer bee's attack. The killer bee barely misses you.
You slice the killer bee!!
You kill the killer bee!
Okawaru accepts your kill. The killer bee stings you.
* * * LOW HITPOINT WARNING * * *
You closely miss the killer bee. Your headbutt misses the killer bee.
The killer bee stings you but does no damage. x2
You miss the killer bee. The killer bee barely misses you.
You furiously retaliate!
You headbutt the killer bee!
The killer bee stings you but does no damage.
You miss the killer bee. Your headbutt misses the killer bee.
The killer bee is severely wounded.
You block the killer bee's attack.
You miss the killer bee.
The killer bee is severely wounded.
The killer bee barely misses you. The killer bee stings you.
You die... #####. ### .# ..# .. #.# .# #.# ##.## #.# .K.. #.# #cK

#.#### #y# #.##.#####
#@#
..#)>....#.#####.#######
...))....#.##..........#
..##.............#####.#
..##.....#.##.####
...........##.#
..##.##.#####.#
..##.##.# #.# ........#
#.#


You could see a centaur, a killer bee and 2 kobolds.

Vanquished Creatures
  3 yaks (D:7)
  A steam dragon (D:7)
  Edmund (D:6)
  3 water moccasins
  An orc warrior (D:7)
  2 ice beasts (D:7)
  An ogre (D:6)
  2 phantoms
  3 kobold brigands
  2 necrophages
  2 scorpions (D:7)
  5 bullfrogs
  3 wights (D:7)
  2 killer bees (D:8)
  A jelly (D:5)
  3 hounds
  6 orc priests
  Jessica (D:3)
  Natasha (D:2)
  Terence (D:3)
  3 iguanas
  8 orc wizards
  5 adders
  4 gnolls (D:4)
  A shadow imp (D:6)
  2 ufetubi
  A worm (D:2)
  4 dart slugs
  24 orcs
  A bat (D:1)
  5 endoplasms
  8 giant cockroaches
  4 goblins
  5 hobgoblins
  20 kobolds
  4 quokkas
  15 ball pythons
  3 frilled lizards
  6 rats
167 creatures vanquished.

Vanquished Creatures (others)
  A fungus (D:1)
  5 plants
  2 withered plants (D:4)
8 creatures vanquished.

Grand Total: 175 creatures vanquished

Notes
Turn   | Place    | Note
-------+----------+-------------------------------------------
     0 | D:1      | GigaChad the Minotaur Fighter began the quest for the Orb.
     0 | D:1      | Reached XP level 1. HP: 19/19 MP: 0/0
   155 | D:1      | Found a faded altar of an unknown god.
   184 | D:1      | Reached XP level 2. HP: 26/27 MP: 1/1
   585 | D:1      | Reached XP level 3. HP: 33/33 MP: 2/2
   820 | D:2      | Found a sparkling altar of Nemelex Xobeh.
   844 | D:2      | Reached skill level 3 in Axes
  1128 | D:2      | Noticed Natasha
  1138 | D:2      | Killed Natasha
  1139 | D:2      | Reached skill level 4 in Axes
  1139 | D:2      | Reached XP level 4. HP: 14/40 MP: 3/3
  1406 | D:3      | Noticed Jessica
  1410 | D:3      | Killed Jessica
  1470 | D:3      | Noticed Terence
  1478 | D:3      | Killed Terence
  1667 | D:3      | Reached XP level 5. HP: 45/47 MP: 4/4
  1986 | D:4      | Noticed sanboga's ghost (amateur HOMo)
  1986 | D:4      | Found a runed translucent door.
  2146 | D:4      | Reached skill level 5 in Axes
  2503 | D:4      | Found a glowing drain.
  2517 | D:5      | Entered Level 5 of the Dungeon
  2558 | D:4      | Reached skill level 5 in Fighting
  2931 | D:4      | Noticed a phantom
  2949 | D:4      | Killed a phantom
  2950 | D:4      | Reached skill level 1 in Dodging
  2950 | D:4      | Reached XP level 6. HP: 27/56 MP: 5/5
  3322 | D:4      | Reached skill level 5 in Armour
  3524 | D:5      | Noticed a +0 falchion
  3524 | D:5      | Noticed a +0 dagger
  3524 | D:5      | Noticed a +0 spear
  3526 | D:5      | Noticed a +0 dagger
  3526 | D:5      | Noticed a +0 short sword
  3530 | D:5      | Noticed a +0 spear
  3531 | D:5      | Noticed a +0 short sword
  3533 | D:5      | Noticed a +0 falchion
  3541 | D:5      | Found a hide-covered altar of Uskayaw.
  3718 | D:5      | Reached skill level 6 in Axes
  3721 | D:5      | Noticed a water moccasin
  3732 | D:5      | Killed a water moccasin
  3733 | D:5      | Reached XP level 7. HP: 39/61 MP: 6/6
  4341 | D:5      | Found an ancient bone altar of Kikubaaqudgha.
  4863 | D:6      | Reached skill level 7 in Axes
  5104 | D:6      | Reached XP level 8. HP: 52/70 MP: 7/7
  5221 | D:6      | Noticed Edmund
  5231 | D:6      | Reached skill level 5 in Shields
  5241 | D:6      | Killed Edmund
  5969 | D:6      | Reached skill level 8 in Axes
  6694 | D:7      | Found a staircase to the Ecumenical Temple.
  6741 | D:7      | Reached skill level 9 in Axes
  6753 | D:7      | Reached XP level 9. HP: 10/78 MP: 8/8
  7769 | D:7      | Reached skill level 10 in Axes
  8459 | Temple   | Entered the Ecumenical Temple
  8546 | Temple   | Became a worshipper of Warmaster Okawaru
  8740 | D:8      | Slain by a killer bee

Illustrated notes

Levels and vault maps discovered:
D:1:      giann_horns, layout_basic, dreamdust_ecumenical_altar_grove
D:2:      layout_rooms, basic_altar, uniq_natasha
D:3:      layout_rooms, minmay_misc_feat_four_crosses, uniq_terence,
          uniq_jessica
D:4:      layout_loops_cross, gammafunk_ghost_grave,
          cheibrodos_sewer_entry_drain
D:5:      layout_gridville, nicolae_uskayaw_en_pointe,
          nicolae_kikubaaqudgha_miasma_corner, minmay_liquid_box,
          ebering_dispersal_statue_hall, kennysheep_generic_room_9
D:6:      layout_loops_cross, uniq_edmund
D:7:      layout_gridville, minmay_temple_entry_hall
D:8:      layout_loops_ring, chequers_jeans, minmay_shattered_shrine
Temple:   nicolae_temple_x_marks_the_god

Skill      XL: |  1  2  3  4  5  6  7  8  9 |
---------------+----------------------------+-----
Shields        | 4 6 7 |  7.4
Fighting       | 4 5 6 7 |  7.5
Armour         | 4 5 7 8 9 |  9.4
Axes           | 4 5 6 7 9 10 | 10.8
Dodging        | 1 |  1.3
Stealth        | |  0.2

Action                   |  1- 3 |  4- 6 |  7- 9 || total
-------------------------+-------+-------+-------++-------
Melee: War axe           |    55 |   120 |   219 ||   394
       Headbutt          |     8 |    14 |    40 ||    62
  Use: Scroll            |       |    11 |     2 ||    13
Armor: Scale mail        |    33 |    58 |    58 ||   149
       Chain mail        |       |       |    31 ||    31
Dodge: Dodged            |    30 |    60 |    93 ||   183
Block: Buckler           |    11 |    22 |    68 ||   101
